 Dungeon Crawl Stone Soup version 0.27-a0-1331-g60ef6b6952 (webtiles) character file.

Game seed: 13609333730272475861

739 Ijustatesigmund the Chopper (level 7, -4/50 HPs)
             Began as an Octopode Fighter on June 25, 2021.
             Slain by an ogre (17 damage)
             ... on level 6 of the Dungeon.
             The game lasted 00:05:03 (5124 turns).

Ijustatesigmund the Chopper (Octopode Fighter)      Turns: 5124, Time: 00:05:05

Health: -4/50      AC:  1    Str: 16    XL:     7   Next: 75%
Magic:  7/7        EV: 12    Int: 11    God:
Gold:   243        SH:  9    Dex: 12    Spells: 6/6 levels left

rFire    . . .     SeeInvis +   a - +0 war axe
rCold    . . .     Faith    .   b - +0 kite shield
rNeg     . . .     Spirit   .   (helmet restricted)
rPois    .         Reflect  .   d - amulet of the acrobat
rElec    .         Harm     .   c - ring of see invisible
rCorr    .         Rampage  .   (no ring)
Will     .....                  (no ring)
Stlth    ++........             (no ring)
HPRegen  0.16/turn              (no ring)
MPRegen  0.10/turn              (no ring)
                                (no ring)
                                (no ring)

@: studying Axes
A: almost no armour, amphibious, 8 rings, camouflage 1, gelatinous body 1,
(nimble swimmer 1), tentacles
a: no special abilities


You were on level 6 of the Dungeon.
You visited 1 branch of the dungeon, and saw 6 of its levels.

You collected 243 gold pieces.

Inventory:

Hand Weapons
 a - a +0 war axe (weapon)
 o - the +11 whip of Famine {flame, *Noise rPois Str+5}
   (You found it on level 5 of the Dungeon)

   It has been specially enchanted to burn those struck by it, causing extra
   injury to most foes and up to half again as much damage against particularly
   susceptible opponents.
   It affects your strength (+5).
   It protects you from poison.
   It may make noises in combat.
Armour
 b - a +0 kite shield (worn)
Jewellery
 c - a ring of see invisible (left tentacle)
 d - an amulet of the acrobat (around mantle)
Wands
 l - a wand of iceblast (20)
 q - a wand of paralysis (5)
 s - a wand of flame (16)
Scrolls
 k - 2 scrolls of identify
 m - 2 scrolls of blinking {unknown}
 n - a scroll of teleportation
 p - a scroll of noise {unknown}
Potions
 e - 2 potions of heal wounds
 f - 2 potions of curing
 g - a potion of brilliance {unknown}
 h - a potion of haste {unknown}
 i - a potion of flight {unknown}
 j - a potion of invisibility {unknown}
 r - 2 potions of mutation {unknown}


   Skills:
 - Level 5.1 Fighting
 + Level 7.4 Axes
 - Level 4.5 Dodging
 - Level 4.4 Shields


You had 6 spell levels left.
You didn't know any spells.
Your spell library contained the following spells:

 Spells                   Type           Power      Damage    Failure   Level
 Confusing Touch          Hex            0%         N/A       99%         3
 Gell's Gravitas          Tloc           0%         N/A       99%         3
 Petrify                  Tmut/Erth      0%         N/A       100%        4
 Metabolic Englaciation   Hex/Ice        0%         N/A       100%        5
 Yara's Violent Unravell  Hex/Tmut       0%         3d3       100%        5


Dungeon Overview and Level Annotations

Branches:
Dungeon (6/15)             Temple (0/1) D:5

Altars:
Kikubaaqudgha
Zin


Innate Abilities, Weirdness & Mutations

You cannot wear most types of armour.
You are amphibious.
You can wear up to eight rings at the same time.
Your skin changes colour to match your surroundings (Stealth+).
Your rubbery body absorbs attacks. (AC +1, EV +1)
((You are camouflaged near water. (Stealth+)))
You have tentacles for arms and can constrict up to eight enemies at once.


Message History

An ufetubus comes into view.
An ufetubus is nearby!
An ufetubus is nearby!
Items here: ( )) †.
There is a stone staircase leading up here.
You climb upwards.
There is a stone staircase leading down here.
You start resting.
HP restored.
There is a stone staircase leading down here.
You climb downwards.
An ogre comes into view. It is wielding a +0 giant spiked club.
There is a stone staircase leading up here.
The helpless ogre fails to defend itself.
You slash the ogre! You squeeze the ogre.
The ogre is heavily wounded.
The ogre hits you with a +0 giant spiked club!
You slash the ogre!
The ogre is almost dead.
The ogre hits you with a +0 giant spiked club.
You hit the ogre. Your squeeze misses the ogre.
The ogre is almost dead.
The ogre hits you with a +0 giant spiked club!!
* * * LOW HITPOINT WARNING * * *
You are too injured to fight recklessly!
You are too injured to fight recklessly!
You are too injured to fight recklessly!
You barely miss the ogre.
The ogre is almost dead.
The ogre barely misses you.
You barely miss the ogre.
The ogre is almost dead.
You block the ogre's attack.
Aiming: Throw Flame
Press: ? - help, Shift-Dir - straight line, f - ogre
Aim: an ogre, wielding a +0 giant spiked club (almost dead, 85% to hit)
The puff of flame hits the ogre.
The ogre is almost dead.
The ogre hits you with a +0 giant spiked club!
You die...

.... ... ...
#.. # #.####
#.##.#..#
#....O..#
#.####@#.##.#
#.....<.....#
#.######.####
... ###


You could see an ogre.

Vanquished Creatures
  A steam dragon (D:5)
  2 ogres
  A kobold brigand (D:6)
  2 scorpions
  2 jellies (D:5)
  A bullfrog skeleton (D:5)
  Terence (D:3)
  An iguana (D:5)
  An orc wizard (D:3)
  A shadow imp (D:5)
  A worm (D:3)
  4 dart slugs
  3 orcs (D:3)
  4 endoplasms
  3 giant cockroaches
  9 goblins
  6 hobgoblins
  7 jackals (D:2)
  3 quokkas
  3 ball pythons
  7 bats
  3 frilled lizards
  11 kobolds
  8 rats
85 creatures vanquished.

Notes
Turn   | Place    | Note
-------+----------+-------------------------------------------
     0 | D:1      | Ijustatesigmund the Octopode Fighter began the quest for
                  | the Orb.
     0 | D:1      | Reached XP level 1. HP: 16/16 MP: 1/1
   219 | D:1      | Reached XP level 2. HP: 21/21 MP: 2/2
   405 | D:1      | Reached skill level 3 in Axes
   405 | D:1      | Reached XP level 3. HP: 22/26 MP: 3/3
  1121 | D:2      | Found a faded altar of an unknown god.
  1153 | D:2      | Identified a scroll of acquirement
  1153 | D:2      | Acquired a manual of Axes
  1670 | D:3      | Reached XP level 4. HP: 29/32 MP: 4/4
  1672 | D:3      | Reached skill level 4 in Axes
  2044 | D:3      | Noticed Terence
  2050 | D:3      | Killed Terence
  2051 | D:3      | Reached XP level 5. HP: 22/37 MP: 5/5
  2985 | D:4      | Reached skill level 5 in Axes
  3763 | D:4      | Noticed an ogre
  3767 | D:4      | Killed an ogre
  3768 | D:4      | Reached XP level 6. HP: 44/44 MP: 6/6
  3846 | D:5      | Entered Level 5 of the Dungeon
  4018 | D:5      | Identified the +11 whip of Famine {flame, *Noise rPois
                  | Str+5}
  4108 | D:5      | Reached skill level 6 in Axes
  4108 | D:5      | Reached XP level 7. HP: 22/49 MP: 7/7
  4369 | D:5      | Found a staircase to the Ecumenical Temple.
  4408 | D:5      | Found an ancient bone altar of Kikubaaqudgha.
  4463 | D:5      | Noticed a steam dragon
  4475 | D:5      | Killed a steam dragon
  4476 | D:5      | Reached skill level 5 in Fighting
  4755 | D:5      | Found a glowing silver altar of Zin.
  4942 | D:6      | Reached skill level 7 in Axes
  5124 | D:6      | Slain by an ogre

Illustrated notes

Levels and vault maps discovered:
D:1:      lightli_arrival_flooded_house, layout_rooms
D:2:      layout_loops_ring, ebering_ecumenical_altar_rust
D:3:      layout_basic, uniq_terence
D:4:      layout_basic, minmay_misc_feat_rugged
D:5:      layout_gridville, lemuel_coloured_pillars_altar,
          amcnicky_altar_gilded, minmay_temple_entry_fiery
D:6:      lemuel_castle_with_subvaults [lemuel_castle_interior_original],
          layout_basic, grunt_temple_overflow_bloody_war,
          eat_drink_and_be_merry_uskayaw, chequers_mini_garden,
          nicolae_benzene_ring

Skill      XL: |  1  2  3  4  5  6  7 |
---------------+----------------------+-----
Axes           | 3 4 5 6 7 |  7.4
Fighting       | 4 5 |  5.1
Dodging        | 4 |  4.5
Shields        | 4 |  4.4

Action                   |  1- 3 |  4- 6 |  7- 9 || total
-------------------------+-------+-------+-------++-------
Melee: War axe           |    72 |    60 |    21 ||   153
       Constrict         |    17 |    12 |     4 ||    33
       Tentacles         |    12 |    14 |     6 ||    32
       Whip              |       |     5 |     3 ||     8
Evoke: Wand              |       |     1 |     3 ||     4
  Use: Scroll            |     5 |     4 |       ||     9
       Potion            |       |     1 |     1 ||     2
 Stab: Sleeping          |     7 |     4 |     2 ||    13
       Distracted        |       |     1 |       ||     1
       Paralysed         |       |       |     3 ||     3
Armor: Skin              |    10 |     2 |     3 ||    15
Dodge: Dodged            |    28 |    28 |    10 ||    66
Block: Kite shield       |    25 |    17 |    10 ||    52

Table legend: (Time is in decaauts)
 A = Elapsed time spent in this place.
 B = Non-inter-level travel time spent in this place.
 C = Inter-level travel time spent in this place.
 D = Time resting spent in this place.
 E = Time spent auto-exploring this place.
 F = Levels seen in this place.
 G = Mean time per level.
                   A        B        C        D        E       F      G
               +--------+--------+--------+--------+--------+-----+--------+
         Total |   5208 |   5010 |    198 |    731 |   3710 |   6 |  868.0 |
       Dungeon |   5208 |   5010 |    198 |    731 |   3710 |   6 |  868.0 |
               +--------+--------+--------+--------+--------+-----+--------+

Top non-repeatable levels by time:
     D:3: 1314 daAuts
     D:5: 1214 daAuts
     D:2: 921 daAuts
     D:4: 918 daAuts
     D:1: 758 daAuts
     D:6: 80 daAuts
